 Dungeon Crawl Stone Soup version 0.29-a0-1009-g60c99734e7 (webtiles) character file.

Game seed: 8561246478715262617

3642 leavemydog the Thaumaturge (level 9, -12/45 HPs)
             Began as a Deep Elf Conjurer on Aug 8, 2022.
             Was a Believer of Vehumet.
             Killed by an exploding fulminant prism (36 damage)
             ... on level 8 of the Dungeon.
             The game lasted 00:16:45 (10654 turns).

leavemydog the Thaumaturge (Deep Elf Conjurer)     Turns: 10654, Time: 00:16:46

Health: -12/45     AC:  4    Str:  4    XL:     9   Next: 88%
Magic:  10/26      EV: 12    Int: 28    God:    Vehumet [**....]
Gold:   496        SH:  5    Dex: 13    Spells: 13/30 levels left

rFire   . . .      SeeInvis .   s - +4 dagger (vamp)
rCold   . . .      Faith    .   (no shield)
rNeg    . . .      Spirit   .   G - +1 robe {Archmagi}
rPois   .          Reflect  +   (no helmet)
rElec   .          Harm     .   (no cloak)
rCorr   +          Rampage  .   d - +0 pair of gloves
Will    .....      Archmagi +   (no boots)
Stlth   ++........              B - amulet of reflection
HPRegen 0.15/turn               f - ring of resist corrosion
MPRegen 0.20/turn               (no ring)

@: no status effects
A: no striking features
a: Renounce Religion


You were on level 8 of the Dungeon.
You worshipped Vehumet.
Vehumet was pleased with you.
You visited 2 branches of the dungeon, and saw 9 of its levels.

You collected 496 gold pieces.

Inventory:

Hand Weapons
 s - a +4 vampiric dagger (weapon)
Missiles
 r - 2 throwing nets
 v - 2 javelins
 y - 2 atropa-tipped darts
Armour
 d - a +0 pair of gloves (worn)
 G - a +1 robe of the Archmagi (worn)
Magical Staves
 C - a staff of poison
Jewellery
 f - a ring of resist corrosion (left hand)
 B - an amulet of reflection (around neck)
Scrolls
 c - 2 scrolls of fear
 j - a scroll of immolation
 l - 4 scrolls of enchant weapon
 n - 4 scrolls of identify {unknown}
 p - a scroll of torment {unknown}
 t - 2 scrolls of butterflies {unknown}
 u - 2 scrolls of teleportation {unknown}
 x - 2 scrolls of blinking {unknown}
 D - a scroll of silence {unknown}
 E - a scroll of brand weapon {unknown}
Potions
 b - a potion of magic
 e - a potion of haste {unknown}
 g - a potion of heal wounds
 h - 3 potions of curing {unknown}
 i - 2 potions of brilliance {unknown}
 k - 2 potions of cancellation {unknown}
 m - a potion of resistance {unknown}
 o - 3 potions of attraction {unknown}
 q - a potion of invisibility {unknown}
 w - a potion of mutation {unknown}
 z - 3 potions of flight {unknown}
 A - a potion of might {unknown}
 F - 2 potions of lignification {unknown}


   Skills:
 - Level 0.1 Fighting
 - Level 2.4 Dodging
 - Level 2.4 Stealth
 + Level 11.2 Spellcasting
 + Level 10.7 Conjurations
 * Level 3.5 Hexes
 - Level 5.1 Translocations
 * Level 2.2 Transmutations
 * Level 2.0 Fire Magic
 * Level 3.0 Poison Magic


You had 13 spell levels left.
You knew the following spells:

 Your Spells              Type           Power      Damage    Failure   Level
a - Magic Dart            Conj           100%       1d8       1%          1
b - Searing Ray           Conj           100%       2d8       1%          2
c - Iskenderun's Mystic   Conj/Tloc      74%        2d15      1%          4
d - Fulminant Prism       Conj/Hex       35%        3d18      1%          4
e - Mephitic Cloud        Conj/Pois/Air  58%        N/A       1%          3
f - Ignite Poison         Fire/Tmut/Pois 44%        N/A       4%          3

Your spell library contained the following spells:

 Spells                   Type           Power      Damage    Failure   Level
 Shock                    Conj/Air       100%       1d9       1%          1
 Dazzling Flash           Conj/Hex       100%       N/A       1%          3
 Portal Projectile        Hex/Tloc       100%       N/A       1%          3
 Ensorcelled Hibernation  Hex/Ice        76%        N/A       2%          2
 Wereblood                Tmut           42%        N/A       2%          2
 Summon Small Mammal      Summ           92%        N/A       3%          1
 Passwall                 Tmut/Erth      27%        N/A       3%          2
 Summon Guardian Golem    Hex/Summ       38%        N/A       4%          3
 Sublimation of Blood     Necr           23%        N/A       5%          2
 Call Canine Familiar     Summ           23%        N/A       11%         3
 Swiftness                Air            23%        N/A       11%         3
 Leda's Liquefaction      Hex/Erth       19%        N/A       17%         4
 Freezing Cloud           Conj/Ice/Air   26%        6-21      22%         5
 Summon Hydra             Summ           11%        N/A       100%        7


Dungeon Overview and Level Annotations

Branches:
Dungeon (8/15)             Temple (1/1) D:4
   Lair: D:8-11

Altars:
Ashenzari
Cheibriados
Dithmenos
Elyvilon
Fedhas
Gozag
Hepliaklqana
Kikubaaqudgha
Makhleb
Nemelex Xobeh
Okawaru
Qazlal
Ru
Sif Muna
Trog
Uskayaw
Vehumet
Wu Jian
Yredelemnul
The Shining One

Shops:
D:2 [   D:6 [

Annotations:
D:3 1 transporter, Killmatronix's ghost, weakling GnWn


Message History

Casting: Magic Dart (safe; 1% risk of failure)
Confirm with . or Enter, or press ? or * to list all spells.
Aiming: Mephitic Cloud (safe; 1% risk of failure)
Press: ? - help, Shift-Dir - straight line You feel a surge of power!
The ball explodes into a vile cloud!
The stinking cloud engulfs the orc but does no damage.
The stinking cloud engulfs the orc wizard but does no damage.
The orc shouts!
You hear a shout! x2
The orc is engulfed in noxious fumes.
The orc appears confused.
The orc wizard is engulfed in noxious fumes.
Casting: Mephitic Cloud (safe; 1% risk of failure)
Confirm with . or Enter, or press ? or * to list all spells.
You feel a surge of power!
You ignite the poison in your surroundings!
The orc is engulfed in blazing flames.
You kill the orc!
Vehumet accepts your kill.
The orc wizard is engulfed in blazing flames.
You kill the orc wizard!
Vehumet accepts your kill.
Casting: Ignite Poison (dangerous; 4% risk of failure)
Confirm with . or Enter, or press ? or * to list all spells.
Aiming: Fulminant Prism (dangerous; 1% risk of failure)
Press: ? - help, Dir - move target You feel a surge of power!
You conjure a prism of explosive energy!
A fulminant prism comes into view.
A wight comes into view. It is wielding a +1 spear.
Your fulminant prism crackles loudly.
A wight comes into view. It is wielding a +5 great sword.
Your fulminant prism explodes!
The blast of energy engulfs the orc!
You kill the orc!
Vehumet accepts your kill.
The blast of energy engulfs the wight!!!
You destroy the wight!
Vehumet accepts your kill. The blast of energy engulfs you!!!
Ouch! That really hurt!
You die...

#.##.#####... #.
#.##.# ##.. #.
#.##.# #..
#####.######.##.#
##.
...........)..#.##
#.
....)..#......)....#
#+
zz.§☼..#...........#
...)°☼.#...........#
#○.@...........#
#########'#'####
.#.# .#.#


You could see 2 wights.

Vanquished Creatures
  A two-headed ogre (D:8)
  A kobold demonologist (D:8)
  Sigmund (D:2)
  2 wyverns
  A steam dragon (D:8)
  A water moccasin (D:7)
  A sky beast (D:6)
  2 black bears
  A centaur (D:7)
  An ogre (D:6)
  A phantom (D:5)
  A kobold brigand (D:8)
  3 bullfrogs
  A gnoll sergeant (D:7)
  6 wights
  3 killer bees (D:7)
  3 howler monkeys
  2 jellies
  4 hounds
  2 orc priests (D:5)
  A gnoll bouda (D:4)
  2 iguanas
  7 orc wizards
  12 gnolls
  5 adders
  2 shadow imps
  A white imp (D:6)
  An ufetubus (D:6)
  5 worms
  2 dart slugs
  23 orcs
  4 bats
  4 endoplasms
  A giant cockroach (D:4)
  7 goblins
  5 hobgoblins
  5 jackals (D:2)
  10 kobolds
  4 quokkas
  6 ball pythons
  3 frilled lizards
  7 rats
155 creatures vanquished.

Vanquished Creatures (others)
  4 fulminant prisms
4 creatures vanquished.

Grand Total: 159 creatures vanquished

Notes
Turn   | Place    | Note
-------+----------+-------------------------------------------
     0 | D:1      | leavemydog the Deep Elf Conjurer began the quest for the
                  | Orb.
     0 | D:1      | Reached XP level 1. HP: 10/10 MP: 6/6
   482 | D:1      | Reached XP level 2. HP: 15/15 MP: 1/8
   543 | D:1      | Learned a level 2 spell: Searing Ray
   604 | D:1      | Reached skill level 5 in Conjurations
  1106 | D:2      | Reached XP level 3. HP: 14/19 MP: 5/9
  1231 | D:2      | Found Bueshul's Antique Armour Boutique.
  1251 | D:2      | Found a faded altar of an unknown god.
  2202 | D:2      | Noticed Sigmund
  2212 | D:2      | Killed Sigmund
  2213 | D:2      | Reached skill level 4 in Spellcasting
  2213 | D:2      | Reached XP level 4. HP: 18/24 MP: 5/12
  2213 | D:2      | Reached XP level 5. HP: 21/28 MP: 5/14
  2218 | D:2      | Learned a level 4 spell: Iskenderun's Mystic Blast
  2549 | D:3      | Noticed a +0 dagger
  2550 | D:3      | Noticed a +0 hand axe
  2553 | D:3      | Found a hide-covered altar of Uskayaw.
  2716 | D:3      | Found a transporter.
  2719 | D:3      | Noticed Killmatronix's ghost (weakling GnWn)
  2999 | D:3      | Reached skill level 5 in Spellcasting
  3442 | D:4      | Reached XP level 6. HP: 27/32 MP: 10/15
  3506 | D:4      | Reached skill level 1 in Translocations
  3809 | D:4      | Found a staircase to the Ecumenical Temple.
  3818 | Temple   | Entered the Ecumenical Temple
  3848 | Temple   | Became a worshipper of Vehumet
  4112 | D:4      | Reached skill level 6 in Spellcasting
  4464 | D:4      | Reached XP level 7. HP: 36/36 MP: 12/18
  4903 | D:5      | Entered Level 5 of the Dungeon
  5499 | D:5      | Reached * piety under Vehumet
  5499 | D:5      | Offered knowledge of Foxfire by Vehumet.
  5500 | D:5      | Reached skill level 7 in Spellcasting
  5590 | D:5      | Found an opulent altar of Gozag.
  6196 | D:6      | Found Toegaus's Antique Armour Shop.
  6730 | D:5      | Reached skill level 8 in Spellcasting
  6730 | D:5      | Reached XP level 8. HP: 23/41 MP: 8/22
  7766 | D:6      | Reached skill level 9 in Spellcasting
  8064 | D:6      | Found a burning altar of Makhleb.
  8066 | D:6      | Found a sparkling altar of Nemelex Xobeh.
  9026 | D:7      | Found a basalt altar of Yredelemnul.
  9182 | D:7      | Reached skill level 5 in Translocations
  9182 | D:7      | Reached XP level 9. HP: 36/45 MP: 15/24
  9298 | D:7      | Learned a level 4 spell: Fulminant Prism
  9325 | D:7      | Learned a level 3 spell: Mephitic Cloud
  9351 | D:7      | HP: 2/45 [wyvern (16)]
  9356 | D:7      | Reached skill level 10 in Spellcasting
  9356 | D:7      | Reached skill level 1 in Hexes
  9357 | D:7      | Reached skill level 10 in Conjurations
  9539 | D:7      | Reached ** piety under Vehumet
  9539 | D:7      | Offered knowledge of Shock by Vehumet.
  9540 | D:7      | Reached skill level 1 in Poison Magic
 10112 | D:8      | Noticed a kobold demonologist
 10115 | D:8      | Killed a kobold demonologist
 10225 | D:8      | Noticed a two-headed ogre
 10232 | D:8      | Killed a two-headed ogre
 10233 | D:8      | Reached skill level 11 in Spellcasting
 10233 | D:8      | Reached skill level 1 in Transmutations
 10233 | D:8      | Reached skill level 1 in Fire Magic
 10483 | D:8      | Learned a level 3 spell: Ignite Poison
 10654 | D:8      | Killed by an exploding fulminant prism

Illustrated notes

Levels and vault maps discovered:
D:1:      lemuel_arrival_river_passageway, layout_rooms
D:2:      minmay_general_purpose_star, layout_basic,
          shapermc_ecumenical_altar_venn, serial_shops, nicolae_shop_stone,
          lemuel_another_geyser, uniq_sigmund
D:3:      layout_loops_cross, dancing_weapons_uskayaw,
          gammafunk_ghost_mausoleum, st_stairs_3, dk_noncrumbling_3
D:4:      layout_loops_ring, minmay_temple_entry_stoned_glass
D:5:      layout_basic, kennysheep_mini_moat, hex_medium
D:6:      layout_layer_cave, chequers_temple_overflow_statue_of_worship,
          serial_shops, shop_statue
D:7:      layout_basic, old_standard_altar
D:8:      kennysheep_six_static_rooms, layout_basic
Temple:   hellmonk_temple_of_storms

Skill      XL: |  1  2  3  4  5  6  7  8  9 |
---------------+----------------------------+-----
Conjurations   | 5 6 7 8 9 10 | 10.7
Spellcasting   | 4 5 6 8 9 11 | 11.2
Translocations | 2 3 5 |  5.1
Hexes          | 3 |  3.5
Poison Magic   | 3 |  3.0
Transmutations | 2 |  2.2
Fire Magic     | 2 |  2.0
Fighting       | |  0.1
Dodging        | |  2.4
Stealth        | |  2.4

Action                   |  1- 3 |  4- 6 |  7- 9 || total
-------------------------+-------+-------+-------++-------
 Cast: Magic Dart        |    67 |   106 |   151 ||   324
       Searing Ray       |     3 |     7 |    29 ||    39
       Iskenderun's Myst |       |       |    10 ||    10
       Fulminant Prism   |       |       |     4 ||     4
       Mephitic Cloud    |       |       |     2 ||     2
       Ignite Poison     |       |       |     2 ||     2
  Use: Scroll            |     2 |     1 |     1 ||     4
       Potion            |       |       |     2 ||     2
Armor: Robe              |     2 |       |    16 ||    18
Dodge: Dodged            |    10 |     7 |    52 ||    69
Block: Other             |       |       |     6 ||     6
       Reflection        |       |       |     1 ||     1

Table legend: (Time is in decaauts)
 A = Elapsed time spent in this place.
 B = Non-inter-level travel time spent in this place.
 C = Inter-level travel time spent in this place.
 D = Time resting spent in this place.
 E = Time spent auto-exploring this place.
 F = Levels seen in this place.
 G = Mean time per level.
                   A        B        C        D        E       F      G
               +--------+--------+--------+--------+--------+-----+--------+
         Total |  10668 |  10289 |    379 |   3372 |   6028 |   9 | 1185.3 |
       Dungeon |  10623 |  10251 |    372 |   3372 |   6005 |   8 | 1327.9 |
        Temple |     45 |     38 |      7 |      0 |     23 |   1 |   45.0 |
               +--------+--------+--------+--------+--------+-----+--------+

Top non-repeatable levels by time:
     D:5: 2468 daAuts
     D:2: 1597 daAuts
     D:4: 1424 daAuts
     D:6: 1368 daAuts
     D:7: 1138 daAuts
     D:3: 986 daAuts
     D:1: 860 daAuts
     D:8: 779 daAuts
  Temple: 45 daAuts
